 Dungeon Crawl Stone Soup version 0.22.1-1-ga44c0e56f4 (webtiles) character file.

980 Jynx the Changer (level 8, -1/48 HPs)
             Began as an Octopode Transmuter on Nov 5, 2018.
             Was an Initiate of Ashenzari.
             Slain by a centaur skeleton (7 damage)
             ... on level 4 of the Dungeon.
             The game lasted 00:10:23 (3789 turns).

Jynx the Changer (Octopode Transmuter)              Turns: 3789, Time: 00:10:23

Health: -1/48      AC:  1    Str:  9    XL:     8   Next: 17%
Magic:  12/15      EV: 14    Int: 16    God:    Ashenzari [......]
Gold:   196        SH:  0    Dex: 18    Spells: 2/17 levels left

rFire    . . .     SeeInvis .     - Unarmed
rCold    . . .     Gourm    .   (shield currently unavailable)
rNeg     . . .     Faith    .   (helmet restricted)
rPois    +         Spirit   .   k - amulet of regeneration
rElec    .         Reflect  .   b - ring of poison resistance
rCorr    .         Harm     .   h - ring of protection from magic
MR       +....                  o - +4 ring of dexterity (curse)
Stlth    ++++......             e - ring of stealth
HPRegen  0.56/turn              (no ring)
MPRegen  0.14/turn              (no ring)
                                (no ring)
                                (no ring)

@: blade tentacles (expiring)
A: almost no armour, stealthy swim, amphibious, 8 rings, constrict 8, camouflage
1, gelatinous body 1
a: End Transformation, Curse Item, Renounce Religion


You were on level 4 of the Dungeon.
You worshipped Ashenzari.
Ashenzari was noncommittal.
You were not hungry.
You had blades for tentacles.
You visited 2 branches of the dungeon, and saw 5 of its levels.
You also visited: Sewer.

You collected 196 gold pieces.

Inventory:

Missiles
 a - 48 arrows
Jewellery
 b - a ring of poison resistance (left scythe-like blade)
 e - a ring of stealth (on tentacle)
 h - a ring of protection from magic (right scythe-like blade)
 k - an amulet of regeneration (around mantle)
 o - a cursed +4 ring of dexterity (on tentacle)
 s - a +5 ring of strength
Scrolls
 f - 3 scrolls of identify
 g - a scroll of fog
 i - a scroll of immolation {unknown}
 j - a scroll of amnesia {unknown}
 l - a scroll of noise {unknown}
 n - 2 scrolls of teleportation {unknown}
 p - a scroll of magic mapping
 q - a scroll of blinking {unknown}
 u - a scroll of fear {unknown}
Potions
 d - a potion of invisibility
 m - a potion of heal wounds {unknown}
 r - a potion of degeneration {unknown}
 t - a potion of curing
 v - a potion of mutation {unknown}
 x - a potion of haste
Comestibles
 c - 8 rations


   Skills:
 - Level 1.0 Fighting
 - Level 2.0 Dodging
 - Level 3.0 Unarmed Combat
 + Level 5.1 Spellcasting
 * Level 7.8 Transmutations


You had 2 spell levels left.
You knew the following spells:

 Your Spells              Type           Power        Failure   Level  Hunger
a - Beastly Appendage     Tmut           ####..       13%         1    None
b - Sticks to Snakes      Tmut           ####....     14%         2    #......
c - Spider Form           Tmut/Pois      ###.......   43%         3    ###....
d - Blade Hands           Tmut           ####......   58%         5    ######.
e - Ice Form              Ice/Tmut       ###.....     73%         4    ####...

Your spell library contained the following spells:

 Spells                   Type           Power        Failure   Level  Hunger


Dungeon Overview and Level Annotations

Branches:
Dungeon (4/15)             Temple (1/1) D:4

Altars:
Ashenzari
Cheibriados
Dithmenos
Elyvilon
Fedhas
Gozag
Hepliaklqana
Kikubaaqudgha
Makhleb
Nemelex Xobeh
Okawaru
Ru
Trog
Uskayaw
Vehumet
Wu Jian
Zin
The Shining One

Shops:
D:4 (

Annotations:
D:2 1 runed door


Innate Abilities, Weirdness & Mutations

You cannot wear most types of armour.
You are very stealthy in the water. (Stealth+)
You are amphibious.
You can wear up to eight rings at the same time.
You can use your tentacles to constrict eight enemies at once.
Your skin changes colour to match your surroundings (Stealth+).
Your rubbery body absorbs attacks. (AC +1, EV +1)


Message History

The phantom barely misses you.
You closely miss the phantom. Your squeeze misses the phantom.
The phantom is lightly damaged.
The phantom hits you!
You slash the phantom!
The phantom is moderately damaged.
The centaur skeleton barely misses you. The phantom hits you.
The centaur skeleton hits you!
* * * LOW HITPOINT WARNING * * *
You hit the phantom but do no damage.
The phantom is moderately damaged.
The phantom hits you!
* * * LOW HITPOINT WARNING * * *
The phantom blinks!
The centaur skeleton closely misses you.
Your transformation is almost over.
The phantom blinks!
The centaur skeleton completely misses you.
The centaur skeleton hits you!
You die...

#....####'#####.##
###.#.## #..# #.#
#.....# ##.####.##
#.###.# #........
##.# #.# ######...
##..###.# #..<.
#####.#.....#
##.##
#........<..# ###
#.###.#.#@#.# ##
##..Z##.# #.##
##.###.# #.... #.#
#.##.....
#.###........
#...†........
#####.#......
...W..§.# .....
######### ...#


You could see a centaur skeleton.

Vanquished Creatures
  Sigmund (D:4)
  Edmund (D:4)
  An orc warrior (D:2)
  2 phantoms (D:4)
  An ogre (D:4)
  A scorpion (D:4)
  4 orc wizards
  2 worker ants (D:4)
  5 adders
  4 worms
  2 dart slugs
  A leopard gecko (D:2)
  14 orcs
  2 ball pythons (D:2)
  5 giant cockroaches
  11 goblins
  5 hobgoblins
  2 jackals (D:2)
  A quokka (D:3)
  13 bats
  4 frilled lizards
  9 kobolds
  A rat (D:1)
92 creatures vanquished.

Notes
Turn   | Place    | Note
-------+----------+-------------------------------------------
     0 | D:1      | Jynx the Octopode Transmuter began the quest for the Orb.
     0 | D:1      | Reached XP level 1. HP: 13/13 MP: 3/3
   204 | D:1      | Reached XP level 2. HP: 13/18 MP: 3/5
   331 | D:1      | Learned a level 2 spell: Sticks to Snakes
   915 | D:2      | Found a shadowy altar of Dithmenos.
  1065 | D:2      | Reached skill level 3 in Transmutations
  1068 | D:2      | Reached XP level 3. HP: 23/23 MP: 4/6
  1330 | D:2      | Found a runed door.
  1500 | D:2      | Found a sparkling altar of Nemelex Xobeh.
  1506 | D:2      | Reached XP level 4. HP: 27/28 MP: 6/8
  1659 | D:3      | Noticed an orc warrior
  1724 | D:3      | Learned a level 3 spell: Spider Form
  1824 | D:2      | Killed an orc warrior
  1824 | D:2      | Reached skill level 4 in Transmutations
  1824 | D:2      | Reached XP level 5. HP: 20/33 MP: 9/9
  1980 | D:3      | Reached skill level 5 in Transmutations
  2014 | D:3      | Reached XP level 6. HP: 24/38 MP: 9/11
  2158 | D:3      | Found a glowing drain.
  2181 | Sewer    | Entered a sewer
  2297 | Sewer    | Noticed Purgy
  2577 | D:3      | Learned a level 5 spell: Blade Hands
  2794 | D:4      | Noticed Sigmund
  2810 | D:4      | Found a staircase to the Ecumenical Temple.
  2816 | Temple   | Entered the Ecumenical Temple
  2923 | Temple   | Became a worshipper of Ashenzari the Shackled
  3138 | D:4      | Noticed Edmund
  3140 | D:4      | Found Huysobb's Antique Weapon Emporium.
  3154 | D:4      | Reached skill level 6 in Transmutations
  3154 | D:4      | Reached XP level 7. HP: 35/43 MP: 10/13
  3297 | D:4      | Killed Sigmund
  3475 | D:4      | Reached skill level 7 in Transmutations
  3549 | D:4      | Learned a level 4 spell: Ice Form
  3569 | D:4      | Killed Edmund
  3569 | D:4      | Reached XP level 8. HP: 36/48 MP: 13/15
  3662 | D:4      | Reached skill level 5 in Spellcasting
  3782 | D:4      | HP: 2/48 [phantom (7)]
  3789 | D:4      | Slain by a centaur skeleton

Skill      XL: |  1  2  3  4  5  6  7  8 |
---------------+-------------------------+-----
Transmutations | 3 4 5 6 7 |  7.8
Spellcasting   | 3 4 5 |  5.1
Fighting       | |  1.0
Dodging        | |  2.0
Unarmed Combat | |  3.0

Action                   |  1- 3 |  4- 6 |  7- 9 || total
-------------------------+-------+-------+-------++-------
Melee: Unarmed           |    85 |   110 |    64 ||   259
       Constrict         |    26 |    19 |     7 ||    52
       Kick              |    19 |    11 |    13 ||    43
       Tentacles         |    11 |    11 |     5 ||    27
       Punch             |       |       |     1 ||     1
 Cast: Beastly Appendage |    22 |    15 |     5 ||    42
       Spider Form       |       |     7 |     3 ||    10
       Blade Hands       |       |     1 |     2 ||     3
Invok: Curse Item        |       |     1 |       ||     1
 Abil: End Transformatio |       |     1 |       ||     1
  Use: Scroll            |     3 |     4 |       ||     7
       Potion            |       |     3 |     1 ||     4
 Stab: Sleeping          |     3 |     3 |       ||     6
       Distracted        |       |     2 |       ||     2
       Invisible         |       |       |     1 ||     1
  Eat: Chunk             |     2 |     5 |     3 ||    10
       Ration            |       |     1 |       ||     1
Armor: Skin              |    15 |    13 |     2 ||    30
Dodge: Dodged            |    71 |    78 |    54 ||   203
